 Dungeon Crawl Stone Soup version 0.29.1-12-g30fa7ad0bf (webtiles) character file.

Game seed: 18004890220756275741

160 Linkola the Covered (level 5, -3/46 HPs)
             Began as a Minotaur Fighter on Dec 13, 2022.
             Slain by a gnoll
             ... wielding a +1 vampiric spear
             ... led by a gnoll sergeant
              (6 damage)
             ... on level 4 of the Dungeon.
             The game lasted 00:04:28 (2376 turns).

Linkola the Covered (Minotaur Fighter)              Turns: 2376, Time: 00:04:29

Health: -3/46      AC:  8    Str: 23    XL:     5   Next: 17%
Magic:  4/4        EV:  9    Int:  5    God:
Gold:   109        SH:  4    Dex:  9    Spells: 4/4 levels left

rFire   . . .      SeeInvis .   s - +3 war axe (freeze)
rCold   . . .      Faith    .   c - +0 buckler
rNeg    + + .      Spirit   .   b - +1 scale mail
rPois   .          Reflect  .   (helmet restricted)
rElec   .          Harm     .   (no cloak)
rCorr   .          Rampage  .   (no gloves)
Will    .....                   (no boots)
Stlth   ..........              (no amulet)
HPRegen 0.15/turn               o - ring of positive energy
MPRegen 0.09/turn               p - ring of positive energy

@: no status effects
A: horns 2, retaliatory headbutt
a: no special abilities


You were on level 4 of the Dungeon.
You visited 1 branch of the dungeon, and saw 4 of its levels.

You collected 109 gold pieces.

Inventory:

Hand Weapons
 s - a +3 war axe of freezing (weapon)
Missiles
 e - 3 stones (quivered)
Armour
 b - a +1 scale mail (worn)
 c - a +0 buckler (worn)
Jewellery
 o - a ring of positive energy (left hand)
 p - a ring of positive energy (right hand)
Wands
 m - a wand of acid (6)
Scrolls
 g - a scroll of silence
 j - a scroll of fear
 r - 5 scrolls of identify
 u - a scroll of poison
Potions
 a - a potion of resistance {unknown}
 d - 2 potions of might
 f - a potion of brilliance {unknown}
 h - a potion of attraction {unknown}
 i - a potion of degeneration {unknown}
 k - 2 potions of flight {unknown}
 l - a potion of heal wounds {unknown}
 n - 2 potions of berserk rage {unknown}
 q - a potion of cancellation {unknown}
 t - a potion of haste {unknown}


   Skills:
 + Level 4.0 Fighting
 + Level 4.0 Long Blades
 + Level 0.6(0.7) Axes
 + Level 0.2(0.4) Maces & Flails
 * Level 1.9 Throwing
 + Level 4.6 Armour
 + Level 1.1 Dodging
 + Level 4.1 Shields


You had 4 spell levels left.
You didn't know any spells.
Your spell library contained the following spells:

 Spells                   Type           Power      Damage    Failure   Level
 Sting                    Tmut/Pois      0%         1d3       86%         1
 Poisonous Vapours        Pois/Air       0%         N/A       95%         2
 Call Canine Familiar     Summ           0%         N/A       99%         3
 Portal Projectile        Hex/Tloc       0%         N/A       99%         3
 Leda's Liquefaction      Hex/Erth       0%         N/A       100%        4
 Olgreb's Toxic Radiance  Pois           0%         N/A       100%        4


Dungeon Overview and Level Annotations

Branches:
Dungeon (4/15)
 Temple: D:4-7

Altars:
Zin


Innate Abilities, Weirdness & Mutations

You have a pair of horns on your head.
You reflexively headbutt those who attack you in melee.


Message History

The hound barely misses you.
You slash the hound! You freeze the hound.
You kill the hound!
A dart slug comes into view.
An endoplasm comes into view.
Your Fighting skill increases to level 4!
Your Long Blades skill increases to level 4!
You have reached level 5!
A gnoll comes into view. It is wielding a +0 spear.
A gnoll comes into view. It is wielding a +0 whip.
You see here a howler monkey corpse.
A gnoll comes into view. It is wielding a +1 vampiric spear.
The gnoll shouts!
The gnoll sergeant hits you but does no damage.
A gnoll comes into view. It is wielding a +0 flail.
The gnoll shouts!
A gnoll comes into view. It is wielding a +0 flail.
The gnoll sergeant hits you with a +0 trident!
The gnoll shouts!
You hit the gnoll sergeant but do no damage.
Your headbutt misses the gnoll sergeant.
The gnoll closely misses you.
You hit the gnoll sergeant. You freeze the gnoll sergeant.
You headbutt the gnoll sergeant, but do no damage.
The gnoll sergeant is lightly wounded.
You block the gnoll's attack.
The gnoll sergeant hits you with a +0 trident! x2
The gnoll hits you with a +0 whip.
The gnoll hits you from afar with a +1 vampiric spear.
* * * LOW HITPOINT WARNING * * *
The gnoll hits you but does no damage. The dart slug launches a dart at you.
The slug dart misses you.
The gnoll sergeant hits you with a +0 trident!
* * * LOW HITPOINT WARNING * * *
You hit the endoplasm. You freeze the endoplasm.
The endoplasm is heavily wounded.
You slash the gnoll! You freeze the gnoll. You hit the gnoll sergeant.
You freeze the gnoll sergeant. The gnoll closely misses you. x2
The gnoll hits you from afar with a +1 vampiric spear.
You die...

..################
.....ggg@J...<...#
.....ggg..######!#
#########w# #.#
#.# ..# .## .


You could see a gnoll sergeant, 5 gnolls, a dart slug and an endoplasm.

Vanquished Creatures
  A howler monkey (D:4)
  A hound (D:4)
  3 adders (D:2)
  A worm (D:2)
  4 orcs (D:3)
  6 bats
  3 endoplasms
  3 giant cockroaches (D:1)
  3 goblins
  7 hobgoblins
  3 jackals (D:1)
  3 quokkas
  6 ball pythons
  4 frilled lizards
  5 kobolds
  6 rats
59 creatures vanquished.

Notes
Turn   | Place    | Note
-------+----------+-------------------------------------------
     0 | D:1      | Linkola the Minotaur Fighter began the quest for the Orb.
     0 | D:1      | Reached XP level 1. HP: 19/19 MP: 0/0
   237 | D:1      | Reached XP level 2. HP: 24/27 MP: 1/1
   404 | D:1      | Reached skill level 1 in Throwing
   659 | D:2      | Reached XP level 3. HP: 33/33 MP: 2/2
   667 | D:2      | Identified the +0 robe of Safereih {rElec rF+}
  1332 | D:2      | Found a faded altar of an unknown god.
  1467 | D:2      | Reached XP level 4. HP: 40/40 MP: 3/3
  2055 | D:3      | Found a glowing silver altar of Zin.
  2367 | D:4      | Reached skill level 1 in Dodging
  2368 | D:4      | Noticed a gnoll sergeant
  2370 | D:4      | Reached XP level 5. HP: 41/46 MP: 4/4
  2376 | D:4      | Slain by a gnoll

Illustrated notes

Levels and vault maps discovered:
D:1:      dpeg_arrival_renting, layout_rooms
D:2:      layout_loops_corners, ebering_ecumenical_altar_hall
D:3:      layout_loops_cross, general_overflow_altar, grunt_decor_clamped
D:4:      layout_loops_ring, mainiacjoe_overflow_large_starburst, serial_shops,
          nicolae_shop_trees, uniq_duvessa, uniq_natasha

Skill      XL: |  1  2  3  4 |
---------------+-------------+-----
Armour         | 4 |  4.6
Throwing       | 1 |  1.9
Long Blades    | 3 4 |  4.0
Shields        | 4 |  4.1
Dodging        | 1 |  1.1
Fighting       | 4 |  4.0
Axes           | |  0.6
Maces & Flails | |  0.2

Action                   |  1- 3 |  4- 6 || total
-------------------------+-------+-------++-------
Melee: Long sword        |    85 |     2 ||    87
       Headbutt          |    11 |     7 ||    18
       War axe           |       |    27 ||    27
       Whip              |       |    14 ||    14
Throw: Stone             |     8 |     4 ||    12
  Use: Scroll            |     8 |     1 ||     9
Armor: Scale mail        |    44 |    17 ||    61
Dodge: Dodged            |    41 |    23 ||    64
Block: Buckler           |    26 |    12 ||    38
